Workbook
Name AbaDeprec: '5. Depreciação'!$A$1
Name AbaRemun: '6.Remuneração de capital'!$A$1

Sheet 1. Carregamento
A1: 1. Carregamento de Resíduos Sólidos
A2: Planilha de Composição de Custos
A4: Orçamento Sintético
A5: Descrição do Item | E5: Custo (R$/mês) | F5: %
A6: =A36 -> 1. Mão-de-obra | E6: =+F89 -> -23.68 | F6: =IFERROR(E6/$E$21,0) -> 0.99760973
A7: =A38 -> 1.1. Operador Turno do Dia | E7: =F52 -> -23.68 | F7: =IFERROR(E7/$E$21,0) -> 0.99760973
A8: 1.2. Auxiliar de operador Turno do Dia | E8: =F67 -> 0 | F8: =IFERROR(E8/$E$21,0) -> 0
A9: =A70 -> 1.3. Vale Transporte | E9: =F76 -> 0 | F9: =IFERROR(E9/$E$21,0) -> 0
A10: =A78 -> 1.4. Vale-refeição (diário) | E10: =F82 -> 0 | F10: =IFERROR(E10/$E$21,0) -> 0
A11: =A84 -> 1.5. Auxílio Alimentação (mensal) | E11: =F87 -> 0 | F11: =IFERROR(E11/$E$21,0) -> 0
A12: =A92 -> 2. Uniformes e Equipamentos de Proteção Individual | E12: =+F107 -> 0 | F12: =IFERROR(E12/$E$21,0) -> 0
A13: =A110 -> 3. Escavadeira Hidráulica Para Carregamento de Resíduos Sólidos | E13: =+F169 -> 0 | F13: =IFERROR(E13/$E$21,0) -> 0
A14: =A112 -> 3.1. Depreciação | E14: =F121 -> 0 | F14: =IFERROR(E14/$E$21,0) -> 0
A15: =A123 -> 3.2. Remuneração do Capital | E15: =F132 -> 0 | F15: =IFERROR(E15/$E$21,0) -> 0
A16: =A134 -> 3.3. Consumos | E16: =F150 -> 0 | F16: =IFERROR(E16/$E$21,0) -> 0
A17: =A152 -> 3.4. Manutenção | E17: =F155 -> 0 | F17: =IFERROR(E17/$E$21,0) -> 0
A18: =A160 -> 3.5. Material Rodante | E18: =F166 -> 0 | F18: =IFERROR(E18/$E$21,0) -> 0
A19: =A172 -> 4. Monitoramento da Frota | E19: =+F181 -> 0 | F19: =IFERROR(E19/$E$21,0) -> 0
A20: =A185 -> 5. Benefícios e Despesas Indiretas - BDI | E20: =+F191 -> -0.05673728 | F20: =IFERROR(E20/$E$21,0) -> 0.0023902729
A21: PREÇO TOTAL MENSAL DO CARREGAMENTO | E21: =E6+E12+E13+E19+E20 -> -23.736737 | F21: =F6+F12+F13+F19+F20 -> 1
A24: Quantitativos
A25: Mão-de-obra | E25: Quantidade
A26: =A38 -> 1.1. Operador Turno do Dia | E26: =C51 -> 1
A27: 1.2. Auxiliar de operador Turno do Dia | E27: =C66 -> 1
A28: Total de mão-de-obra (postos de trabalho) | E28: =SUM(E26+E27) -> 2
A30: Veículos e Equipamentos | E30: Quantidade
A31: 3.1. Custo de aquisição da Escavadeira Hidráulica | E31: 1
A34: Fator de utilização (FU) | B34: 1
A36: 1. Mão-de-obra
A38: 1.1. Operador Turno do Dia
A39: Discriminação | B39: Unidade | C39: Quantidade | D39: Custo unitário | E39: Subtotal | F39: Total (R$)
A40: Piso da categoria (1) | B40: mês | C40: 1 | E40: =C40*D40 -> 0
A41: Salário mínimo nacional (2) | B41: mês | C41: 1
A42: Horas Extras (100%) | B42: hora | D42: =D40/220*2 -> 0 | E42: =C42*D42 -> 0
A43: Horas Extras (50%) | B43: hora | C43: 16 | D43: =(D40+E46)/220*1.5 -> 0 | E43: =C43*D43 -> 0
A44: Descanso Semanal Remunerado (DSR) - hora extra (50%) | B44: R$ | D44: =63/302*(E43) -> 0 | E44: =D44 -> 0 | G44: =(16/26)*4*D43 -> 0 | H44: alterado - cartilha TCE
A45: Base de cálculo da Insalubridade | C45: 2
A46: Adicional de Insalubridade | B46: % | C46: 40 | D46: =D41 -> 0 | E46: =C46*D46/100 -> 0
A47: Soma | E47: =SUM(E40:E46) -> 0
A48: Encargos Sociais | B48: % | C48: ='2.Encargos Sociais'!C36 -> 0.6979 | D48: =E47 -> 0 | E48: =D48*C48/100 -> 0
A49: Desconto do Vale refeição | B49: % | D49: =D40-(23.68-D80) -> -23.68 | E49: =D40-D49 -> 23.68
A50: Total por Operador | E50: =E47+E48-E49 -> -23.68
A51: Total do Efetivo | B51: homem | C51: 1 | D51: =E50 -> -23.68 | E51: =C51*D51 -> -23.68
D52: Fator de utilização | E52: =$B$34 -> 1 | F52: =E51*E52 -> -23.68 | G52: Jornada de trabalho semanal - 44h/s (seg a sex 8h sab manha 4 + 4 extra 50% a tarde)
A54: 1.2. Auxiliar de operador Turno do Dia
A55: Discriminação | B55: Unidade | C55: Quantidade | D55: Custo unitário | E55: Subtotal | F55: Total (R$)
A56: Piso da categoria (1) | B56: mês | C56: 1 | E56: =C56*D56 -> 0 | G56: (alterada - convenção coletiva de trabalho 2024 RS - cod5143)
A57: Salário mínimo nacional (2) | B57: mês | C57: 1
A58: Horas Extras (100%) | B58: hora | D58: =D56/220*2 -> 0 | E58: =C58*D58 -> 0
A59: Horas Extras (50%) | B59: hora | C59: 16 | D59: =(D56+E62)/220*1.5 -> 0 | E59: =C59*D59 -> 0 | G59: 16 porque são 4 horas por sábado | H59: hora extra - salário base + insalubridade
A60: Descanso Semanal Remunerado (DSR) - hora extra (50%) | B60: R$ | D60: =63/302*E59 -> 0 | E60: =D60 -> 0 | H60: alterado - cartilha TCE | J60: Hora extra mês
A61: Base de cálculo da Insalubridade | C61: 2
A62: Adicional de Insalubridade | B62: % | C62: 40 | D62: =D57 -> 0 | E62: =C62*D62/100 -> 0
A63: Soma | E63: =SUM(E56:E62) -> 0
A64: Encargos Sociais | B64: % | C64: ='2.Encargos Sociais'!C36 -> 0.6979 | D64: =E63 -> 0 | E64: =D64*C64/100 -> 0
A65: Total por Operador | E65: =E63+E64 -> 0
A66: Total do Efetivo | B66: homem | C66: 1 | D66: =E65 -> 0 | E66: =C66*D66 -> 0
D67: Fator de utilização | E67: =$B$34 -> 1 | F67: =E66*E67 -> 0
A70: 1.3. Vale Transporte
A71: Discriminação | B71: Unidade | C71: Quantidade | D71: Custo unitário | E71: Subtotal | F71: Total (R$)
A72: Vale Transporte | B72: R$ | C72: 1
A73: Dias Trabalhados por mês | B73: dia | C73: 26
A74: Operador e Auxiliar | B74: vale | C74: =$C$73*2*(C51)*C75 -> 104 | E74: =IFERROR(C74*D74,"-") -> 0
A75: Total do Efetivo | B75: homem | C75: 2
F76: =SUM(E74:E74) -> 0
A78: 1.4. Vale-refeição (diário)
A79: Discriminação | B79: Unidade | C79: Quantidade | D79: Custo unitário | E79: Subtotal | F79: Total (R$) | I79: =23.68-(23.68*19%) -> 19.1808
A80: =+A74 -> Operador e Auxiliar | B80: unidade | C80: =C73*(E26)*C81 -> 52 | E80: =C80*D80 -> 0
A81: Total do Efetivo | B81: homem | C81: 2
F82: =SUM(E80:E80) -> 0
I83: 0
A84: 1.5. Auxílio Alimentação (mensal)
A85: Discriminação | B85: Unidade | C85: Quantidade | D85: Custo unitário | E85: Subtotal | F85: Total (R$)
A86: =+A80 -> Operador e Auxiliar | B86: unidade | C86: =E28 -> 2 | D86: 0 | E86: =C86*D86 -> 0
D87: Fator de utilização | E87: =$B$34 -> 1 | F87: =SUM(E86:E86)*E87 -> 0
A89: Custo Mensal com Mão-de-obra (R$/mês) | F89: =F52+F67+F76+F82+F87 -> -23.68
A92: 2. Uniformes e Equipamentos de Proteção Individual
A94: 2.1. Uniformes e EPIs para Operador e Auxiliar
A96: Discriminação | B96: Unidade | C96: Durabilidade (meses) | D96: Custo unitário | E96: Subtotal | F96: Total (R$)
A97: Jaqueta com reflexivo (NBR 15.292) | B97: unidade | C97: 6 | E97: =IFERROR(D97/C97,0) -> 0
A98: Calça | B98: unidade | C98: 4 | E98: =IFERROR(D98/C98,0) -> 0
A99: Camiseta | B99: unidade | C99: 4 | E99: =IFERROR(D99/C99,0) -> 0
A100: Botina de segurança c/ palmilha aço | B100: par | C100: 4 | E100: =IFERROR(D100/C100,0) -> 0
A101: Capa de chuva amarela com reflexivo | B101: unidade | C101: 6 | E101: =IFERROR(D101/C101,0) -> 0
A102: Protetor solar FPS 30 | B102: frasco 120g | C102: 1 | E102: =IFERROR(D102/C102,0) -> 0
A103: Higienização de uniformes e EPIs | B103: R$ mensal | C103: 1 | E103: =C103*D103*4 -> 0
A104: Total do Efetivo | B104: homem | C104: =E28 -> 2 | E104: =C104*D104 -> 0
C105: Fator de utilização | E105: =$B$34 -> 1 | F105: =E104*E105 -> 0
A107: Custo Mensal com Uniformes e EPIs (R$/mês) | F107: =+F105 -> 0
A110: 3. Escavadeira Hidráulica Para Carregamento de Resíduos Sólidos
A112: 3.1. Depreciação
A113: Discriminação | B113: Unidade | C113: Quantidade | D113: Custo unitário | E113: Subtotal | F113: Total (R$)
A114: Custo de aquisição da Escavadeira | B114: unidade | C114: 1 | E114: =C114*D114 -> 0 | F114: DNIT E9515
A115: Vida útil da Escavadeira | B115: anos | C115: 5
A116: Idade da Escavadeira | B116: anos | C116: 0
A117: Depreciação do chassis | B117: % | C117: =IFERROR(VLOOKUP(C115,'5. Depreciação'!A3:B17,2,0),0) -> 55.68 | D117: =E114 -> 0 | E117: =C117*D117/100 -> 0 | F117: =(F114) -> DNIT E9515
A118: Depreciação mensal da Escavadeira | B118: mês | C118: =C115*12 -> 60 | D118: =IF(C116<=C115,E117,0) -> 0 | E118: =IFERROR(D118/C118,0) -> 0
A119: Total por Veículo | E119: =E118 -> 0
A120: Total da frota | B120: unidade | C120: 1 | D120: =E119 -> 0 | E120: =C120*D120 -> 0
D121: Fator de utilização | E121: =$B$34 -> 1 | F121: =E120*E121 -> 0
...

Sheet 2.Encargos Sociais
A1: Orientações para preenchimento:
A2: 1. Preencha previamente os dados de entrada na planilha 3.CAGED
A4: 2. Composição dos Encargos Sociais
A5: Código | B5: Descrição | C5: Valor
A6: A1 | B6: INSS | C6: 0.2
A7: A2 | B7: SESI | C7: 0.015
A8: A3 | B8: SENAI | C8: 0.01
A9: A4 | B9: INCRA | C9: 0.002
A10: A5 | B10: SEBRAE | C10: 0.006
A11: A6 | B11: Salário educação | C11: 0.025
A12: A7 | B12: Seguro contra acidentes de trabalho | C12: 0.03
A13: A8 | B13: FGTS | C13: 0.08
A14: A9 | B14: SECONCI | C14: 0
A15: A | B15: SOMA GRUPO A | C15: 0.368
A17: B3 | B17: Auxílio - Enfermidade | C17: 0.0064
A18: B4 | B18: 13º salário | C18: 0.0833
... A35: D | B35: SOMA GRUPO D | C35: 0.0709
B36: SOMA (A+B+C+D) | C36: 0.6979

Sheet 3.CAGED
A1: CÁLCULO DAS VERBAS INDENIZATÓRIAS DOS EMPREGADOS NO SETOR DE COLETA DE RSU
A3: Para preencher esta planilha siga os passos 1 a 5:
A4: 1. Acesse o Portal do CAGED no link http://bi.mte.gov.br/cagedestabelecimento/pages/consulta.xhtml
A5: 2. Na Especificação da Consulta, selecione "Demonstrativo por período" e informe as competências relativas ao período Inicial e Final (últimos 12 meses)
A6: 3. Nível Geográfico: selecione "Unidade da Federação" e marque a opção "Rio Grande do Sul"
A7: 4. Nível Setorial: selecione "Classe de atividade econômica segundo a classificação CNAE – versão 2.0 (669 categorias)" e marque a opção "38114 – Coleta de Resíduos Não-Perigosos"
A8: 5. Clique em Gerar Relatório
A9: 6. Preencha as células em amarelo
B11: 3. CAGED
B12: Rio Grande do Sul - Coleta de Resíduos Não-Perigosos - CNAE 38114
B13: Admissões | C13: 3981
B14: Desligamentos | C14: 3405
B15: Dispensados com justa causa | C15: 90
B16: Dispensados sem justa causa | C16: 2237
B17: Espontâneos | C17: 473
B18: Fim de contrato por prazo determinado | C18: 98
B19: Término de contrato | C19: 470
B20: Aposentados | C20: 2
B21: Mortos | C21: 35
B22: Transferência de saída | C22: 0
B23: Indicadores
B24: Estoque recuperado início do Período 01-01-2019 | C24: 0
B25: Estoque recuperado final do Período 31-12-2019 | C25: 6908
B26: Variação Emprego Absoluta de 01-01-2019 a 31-12-2019 | C26: =SUM(C13-C14) -> 576
B28: Rotatividade | C28: =MEDIAN(C13,C14)/MEDIAN(C24,C25) -> 1.0691951 | G28: =12/C28 -> 11.223396
B29: Demitidos s/ Justa Causa em relação ao Estoque Médio | C29: =C16/MEDIAN(C24,C25) -> 0.64765489
B30: Dias ano | C30: 360
B31: 1/3 de férias (dias) | C31: 10
B32: Férias (dias) | C32: 30 | G32: =TRUNC(G37) -> 11
B33: 13º Salário (dias) | C33: 30
B34: Estoque Médio | C34: =MEDIAN(C24,C25) -> 3454
B35: FGTS | C35: 0.08 | K35: =IF(C39>12,C39-12,C39) -> 11.223396
B36: Multa FGTS | C36: 0.5 | K36: =IF(#REF!>12,#REF!-12,#REF!) -> #REF!
B37: Fração de tempo para gozo férias | C37: =((1/C28)-TRUNC(E37)) -> 0.93528297 | D37: =TRUNC(E37) -> 0 | E37: =1/C28 -> 0.93528297 | F37: =((1/C28)-TRUNC(E37)) -> 0.93528297 | G37: =12*F37 -> 11.223396 | K37: =IF(#REF!>12,#REF!-12,#REF!) -> #REF!
B38: Dias de Aviso prévio | C38: =30+D38 -> 30 | D38: =3*D37 -> 0 | G38: =G37/12*40/360 -> 0.10392033 | K38: =IF(#REF!>12,#REF!-12,#REF!) -> #REF!
B39: Rotatividade temporal (meses) | C39: =12/C28 -> 11.223396 | K39: =IF(#REF!>12,#REF!-12,#REF!) -> #REF!
K40: =IF(K39>12,K39-12,K39) -> #REF!
K41: =IF(K40>12,K40-12,K40) -> #REF!

Sheet 4.BDI
A1: Orientações para preenchimento:
A2: 1. Esta planilha é somente um modelo-base e deve ser ajustada conforme cada caso concreto.
A3: 2. Preencher somente células em amarelo
A6: 4. Composição do BDI - Benefícios e Despesas Indiretas
D8: Referência estudo TCE
D9: 1° Quartil | E9: Médio | F9: 3° Quartil
A10: Administração Central | B10: AC | C10: =D10 -> 0.0297 | D10: 0.0297 | E10: 0.0508 | F10: 0.0627
A11: Seguros/Riscos/Garantias | B11: SRG | C11: =D11 -> 0.0086 | D11: =0.003+0.0056 -> 0.0086 | E11: =0.0048+0.0085 -> 0.0133 | F11: =0.0082+0.0089 -> 0.0171
A12: Lucro | B12: L | C12: =D12 -> 0.0778 | D12: 0.0778 | E12: 0.1085 | F12: 0.1355
A13: Despesas Financeiras | B13: DF | C13: =(1+E13)^(E14/252)-1 -> 0.011848206 | D13: i | E13: 0.104
A14: Tributos - ISS | B14: T | C14: 0.05003 | D14: DU | E14: 30
A15: Tributos - PIS/COFINS | C15: 0.0365
A16: Fórmula para o cálculo do BDI:
A17: {[(1+AC+SRG) x (1+L) x (1+DF)] / (1-T)} -1
A18: Resultado do cálculo do BDI: | C18: =ROUND((((1+C10+C11)*(1+C12)*(1+C13))/(1-(C14+C15))-1),4) -> 0.2396 | D18: 0.2143 | E18: 0.2717 | F18: 0.3362

Sheet 5. Depreciação
A1: 5. Depreciação Referencial TCE/RS (%)
A2: Idade do veículo (ano) | B2: Depreciação Média
A3: 1 | B3: 33.63
A4: 2 | B4: 43.13
A5: 3 | B5: 48.68
A6: 4 | B6: 52.62
A7: 5 | B7: 55.68
A8: 6 | B8: 58.18
A9: 7 | B9: 60.29
A10: 8 | B10: 62.12
A11: 9 | B11: 63.73
A12: 10 | B12: 65.18
A13: 11 | B13: 66.48
A14: 12 | B14: 67.67
... A17: 15 | B17: 70.73

Sheet 6.Remuneração de capital
A1: 6. Remuneração de Capital
A3: Fórmula de cálculo da remuneração de capital:
A12: Jm = remuneração de capital mensal
A13: i = taxa de juros do mercado (sugere-se adotar a taxa SELIC)
A14: Im = investimento médio
A15: V0 = valor inicial do bem
A16: Vr = valor residual do bem
A17: n = vida útil do bem em anos
